 Dungeon Crawl Stone Soup version 0.25.0-9-g26727b657a (webtiles) character file.

Game seed: 2339084079433175036

271 mopl the Digger (level 6, -6/36 HPs)
             Began as an Octopode Earth Elementalist on June 16, 2020.
             Mangled by Terence
             ... wielding a +5 mace of protection
              (12 damage)
             ... on level 3 of the Dungeon.
             The game lasted 00:04:21 (2326 turns).

mopl the Digger (Octopode Earth Elementalist)       Turns: 2326, Time: 00:04:21

Health: -6/36      AC:  1    Str:  7    XL:     6   Next: 23%
Magic:  4/10       EV: 13    Int: 17    God:
Gold:   157        SH:  4    Dex: 13    Spells: 6/12 levels left

rFire    . . .     SeeInvis +   a - +2 dagger (drain)
rCold    . . .     Gourm    .   s - +0 buckler (curse)
rNeg     . . .     Faith    .   (helmet restricted)
rPois    .         Spirit   .   j - amulet of regeneration
rElec    .         Reflect  .   (no ring)
rCorr    .         Harm     .   (no ring)
MR       .....                  (no ring)
Stlth    ++++......             (no ring)
HPRegen  0.52/turn              (no ring)
MPRegen  0.12/turn              (no ring)
                                (no ring)
                                (no ring)

@: no status effects
A: almost no armour, stealthy swim, amphibious, 8 rings, constrict 8, camouflage
1, see invisible, dopey 1, low mp 1, wild magic 1, gelatinous body 1
a: no special abilities


You were on level 3 of the Dungeon.
You were not hungry.

You visited 1 branch of the dungeon, and saw 3 of its levels.

You collected 157 gold pieces.

Inventory:

Hand Weapons
 a - a +2 dagger of draining (weapon)
Missiles
 b - 154 stones (quivered)
 l - 10 poisoned darts
Armour
 s - a cursed +0 buckler (worn)
Jewellery
 j - an amulet of regeneration (around mantle)
Wands
 u - a wand of flame (13)
 x - a wand of iceblast (5)
Scrolls
 g - a scroll of fog {unknown}
 h - 2 scrolls of remove curse
 n - 2 scrolls of amnesia
 p - 2 scrolls of teleportation {unknown}
 r - a scroll of immolation {unknown}
 t - a scroll of identify
Potions
 e - 2 potions of might
 f - 2 potions of invisibility {unknown}
 i - 3 potions of degeneration {unknown}
 k - a potion of brilliance {unknown}
 m - a potion of resistance
 o - 2 potions of mutation
 q - a potion of flight {unknown}
 v - a potion of heal wounds {unknown}
 w - a potion of haste {unknown}
Comestibles
 c - 7 rations
 d - 5 chunks of flesh


   Skills:
 - Level 2.0 Dodging
 + Level 4.2 Stealth
 * Level 1.2 Shields
 * Level 3.5 Spellcasting
 + Level 1.5 Conjurations
 + Level 2.1 Transmutations
 * Level 4.3 Earth Magic


You had 6 spell levels left.
You knew the following spells:

 Your Spells              Type           Power        Failure   Level  Hunger
a - Sandblast             Erth           ###...       7%          1    None
b - Stone Arrow           Conj/Erth      ###...       30%         3    ###....
p - Passwall              Tmut/Erth      ###.....     14%         2    ##.....

Your spell library contained the following spells:

 Spells                   Type           Power        Failure   Level  Hunger
 Petrify                  Tmut/Erth      ###.....     61%         4    ####...
 Lee's Rapid Deconstruct  Erth           ###.......   80%         5    ######.


Dungeon Overview and Level Annotations

Branches:
Dungeon (3/15)

Altars:
The Shining One

Annotations:
D:3 Terence


Innate Abilities, Weirdness & Mutations

You cannot wear most types of armour.
You are very stealthy in the water. (Stealth+)
You are amphibious.
You can wear up to eight rings at the same time.
You can use your tentacles to constrict eight enemies at once.
Your skin changes colour to match your surroundings (Stealth+).
Your rubbery body absorbs attacks. (AC +1, EV +1)
You have supernaturally acute eyesight. (SInv)
You are dopey. (Int -2)
Your magical capacity is low. (-10% MP)
Your spells are a little harder to cast, but a little more powerful.


Message History

Casting: Sandblast (safe; 7% risk of failure)
Confirm with . or Enter, or press ? or * to list all spells.
Aiming: Sandblast (safe; 7% risk of failure)
Press: ? - help, Shift-Dir - straight line, f/p - Terence
Aim: Terence, wielding a +5 mace of protection and wearing a +0 ring mail (heavily wounded, constricted by you, berserk, heavily drained)
The blast of sand hits Terence but does no damage.
Terence is heavily wounded.
b - 155 stones You constrict Terence.
Terence barely misses you.
Casting: Sandblast (safe; 7% risk of failure)
Confirm with . or Enter, or press ? or * to list all spells.
Aiming: Sandblast (safe; 7% risk of failure)
Press: ? - help, Shift-Dir - straight line, f/p - Terence
Aim: Terence, wielding a +5 mace of protection and wearing a +0 ring mail (heavily wounded, constricted by you, berserk, heavily drained)
The blast of sand hits Terence!
Terence is almost dead.
b - 154 stones You constrict Terence, but do no damage.
Terence hits you with a +5 mace of protection!
You die...

..........#..##### ##......
.............### #......
.......#.....##. ##......
.......#.....##. ##.......
.†.........####. #........
..........### #. ..######.#......
........#####.#. #......#.##.####
.##.......##._.@#######.'.##.#
<........## #.@#......####.#
....#..#..## #....#########.##
...........# #...#######.....##
.##..###.### #..####..........##
.###.# ... #.####............#
.###.#####.##### ##.............#
........##...# ##..............#
.........###.##.#...............#
..........##....................#


You could see Terence (berserk, drained).

Vanquished Creatures
  A hound (D:3)
  A centaur skeleton (D:3)
  Ijyb (D:3)
  A worker ant (D:3)
  Natasha (D:3)
  A hound skeleton (D:3)
  4 adders (D:3)
  3 worms (D:3)
  3 dart slugs
  5 leopard geckos
  3 orcs (D:3)
  12 bats
  5 giant cockroaches
  8 hobgoblins
  2 quokkas
  3 ball pythons
  5 frilled lizards
  8 goblins
  4 kobolds
  5 rats
76 creatures vanquished.

Notes
Turn   | Place    | Note
-------+----------+-------------------------------------------
     0 | D:1      | mopl the Octopode Earth Elementalist began the quest for
                  | the Orb.
     0 | D:1      | Reached XP level 1. HP: 11/11 MP: 3/3
   257 | D:1      | Reached XP level 2. HP: 8/17 MP: 5/5
   261 | D:1      | Learned a level 2 spell: Passwall
   877 | D:1      | Reached XP level 3. HP: 17/21 MP: 6/6
   882 | D:1      | Learned a level 3 spell: Stone Arrow
  1779 | D:3      | Reached XP level 4. HP: 23/27 MP: 8/8
  1824 | D:3      | Noticed Natasha
  1839 | D:3      | Killed Natasha
  1839 | D:3      | Reached skill level 1 in Conjurations
  1839 | D:3      | Reached XP level 5. HP: 14/31 MP: 4/9
  1985 | D:3      | Noticed Ijyb
  2058 | D:3      | Killed Ijyb
  2063 | D:3      | Reached skill level 1 in Shields
  2063 | D:3      | Reached XP level 6. HP: 17/36 MP: 9/11
  2312 | D:3      | Found a glowing golden altar of the Shining One.
  2312 | D:3      | Noticed Terence
  2323 | D:3      | Gained mutation: You are dopey. (Int -2) [potion of
                  | mutation]
  2323 | D:3      | Gained mutation: Your magical capacity is low. (-10% MP)
                  | [potion of mutation]
  2323 | D:3      | Gained mutation: Your spells are a little harder to cast,
                  | but a little more powerful. [potion of mutation]
  2323 | D:3      | Gained mutation: You have supernaturally acute eyesight.
                  | (SInv) [potion of mutation]
  2326 | D:3      | Mangled by Terence

Illustrated notes

Levels and vault maps discovered:
D:1:      kilobyte_arrival_exit_the_forest, layout_loops_cross,
          serial_co_window_serial, co_window_corner_a, co_window_paths_a,
          co_window_of_opportunity_a, co_window_of_opportunity_a,
          co_window_corner_a, co_window_paths_a, co_window_unsneaky_path_b,
          co_window_cross_4, co_window_corner_cb, co_window_broadway_b,
          glass_columns_a, glass_columns_c, glass_columns_a, glass_columns_a,
          minmay_indecisive_spiral
D:2:      layout_loops_ring
D:3:      layout_rooms, demons_altar, first_ration, supply_closet_lemuel,
          hex_tiny, nicolae_tso_swordbearing_angel, uniq_ijyb, uniq_terence,
          uniq_natasha

Skill      XL: |  1  2  3  4  5 |
---------------+----------------+-----
Stealth        | 3 4 |  4.2
Spellcasting   | 3 |  3.5
Conjurations   | 1 |  1.5
Earth Magic    | 4 |  4.3
Transmutations | 2 |  2.1
Shields        | 1 |  1.2
Dodging        | |  2.0

Action                   |  1- 3 |  4- 6 || total
-------------------------+-------+-------++-------
Melee: Unarmed           |    27 |       ||    27
       Constrict         |    21 |    11 ||    32
       Tentacles         |     8 |    14 ||    22
       Dagger            |    61 |    73 ||   134
 Cast: Sandblast         |       |    21 ||    21
       Passwall          |       |     1 ||     1
  Use: Scroll            |     4 |       ||     4
       Potion            |       |     1 ||     1
 Stab: Sleeping          |    16 |     6 ||    22
  Eat: Chunk             |     3 |     2 ||     5
Armor: Skin              |     9 |     2 ||    11
Dodge: Dodged            |    62 |    52 ||   114
Block: Buckler           |       |    12 ||    12
